 Dungeon Crawl Stone Soup version 0.31-a0-188-g5e087ee2ca (webtiles) character file.

Game seed: 11960032602721596640

221 qw the Skirmisher (level 5, -14/30 HPs)
             Began as a Deep Elf Hunter on June 23, 2023.
             Demolished by an ogre
             ... wielding a +0 giant club
              (24 damage)
             ... on level 5 of the Dungeon.
             The game lasted 00:01:13 (3058 turns).

qw the Skirmisher (Deep Elf Hunter)                 Turns: 3058, Time: 00:01:14

Health: -14/30     AC:  6    Str: 10    XL:     5   Next: 65%
Magic:  7/7        EV: 11    Int: 14    God:
Gold:   291        SH:  0    Dex: 18    Spells: 4/4 levels left

rFire   . . .        Y - +2 shortbow
rCold   . . .        (shield currently unavailable)
rNeg    . . .        g - +0 ring mail
rPois   .            f - +0 helmet
rElec   .            (no cloak)
rCorr   .            (no gloves)
SInv    .            (no boots)
Will    .....        (no amulet)
Stlth   +            (no ring)
HPRegen 0.25/turn    (no ring)
MPRegen 0.10/turn

%: no passive effects
@: no status effects
A: no striking features
a: no special abilities


You were on level 5 of the Dungeon.
You visited 1 branch of the dungeon, and saw 5 of its levels.

You collected 291 gold pieces.


   Skills:
 + Level 1.8 Fighting
 - Level 9.1 Ranged Weapons
 - Level 2.4 Dodging
 - Level 1.2 Stealth


You had 4 spell levels left.
You didn't know any spells.
Your spell library was empty.

Inventory:

Hand Weapons
 Y - a +2 shortbow (weapon)
Armour
 f - a +0 helmet (worn)
 g - a +0 ring mail (worn)
Scrolls
 b - a scroll of identify
 h - a scroll of teleportation
Potions
 a - a potion of heal wounds
 c - a potion of mutation
 d - a potion of might {unknown}
 i - a potion of cancellation {unknown}

Dungeon Overview and Level Annotations

Branches:
Dungeon (5/15)
 Temple: D:4-7

Altars:
Nemelex Xobeh


Message History

Enter note:
Enter note:
Enter note:
Enter note:
Enter note: Done exploring.
3036 ||| READING scroll labelled LIQINLIHUI.
Blink to where?
Press: ? - help, Dir - move target, f - you Are you sure you want to cancel this blink?
As you read the scroll labelled LIQINLIHUI, it crumbles to dust.
It was a scroll of blinking.
Done exploring.
3037 ||| DRINKING 2 coppery potions.
It was a potion of heal wounds.
You feel much better.
Done exploring.
(D) Dungeon
Where to? (* - list waypoints, Enter - D:4, ? - help)
What level of the Dungeon? (default 1, ? - help)
There is a stone staircase leading down here.
You climb downwards.
Found a scroll labelled PIKAINLISE.
There is a stone staircase leading up here.
An ogre is nearby!
Waypoint 4 assigned to D:5.
You shoot an arrow. The arrow hits the ogre.
The ogre shouts!
The ogre is lightly wounded.
You shoot an arrow. The arrow hits the ogre.
The ogre is lightly wounded.
You shoot an arrow. The arrow barely misses the ogre.
You shoot an arrow. The arrow hits the ogre.
The ogre is lightly wounded.
You shoot an arrow. The arrow hits the ogre.
The ogre is moderately wounded.
The ogre hits you with a +0 giant club!!
Ouch! That really hurt!
3058 ||| STAIRDANCE The ogre hits you with a +0 giant club!!
Ouch! That really hurt!
You die...

##########
#........#
#........#
#.....@..#
#.....O..#
#...........
#........#....
#..?.....# ##.
#.........
#..........
..#######...


You could see an ogre.

Vanquished Creatures
  A hound (D:4)
  An orc wizard (D:4)
  3 gnolls (D:3)
  5 adders
  A dart slug (D:2)
  4 orcs (D:4)
  7 bats
  2 endoplasms
  6 giant cockroaches
  11 goblins
  9 hobgoblins
  5 jackals (D:4)
  A quokka (D:1)
  7 ball pythons
  10 frilled lizards
  9 kobolds
  8 rats
90 creatures vanquished.

Notes
Turn   | Place    | Note
-------+----------+-------------------------------------------
     0 | D:1      | qw the Deep Elf Hunter began the quest for the Orb.
     0 | D:1      | Reached XP level 1. HP: 12/12 MP: 3/3
     0 | D:1      | 0 ||| qw: Version: 0.3-a-9-g12657ce
     0 | D:1      | 0 ||| qw: Game counter: 3827
     0 | D:1      | 0 ||| qw: Always use a shield: true
     0 | D:1      | 0 ||| qw: God list: Okawaru
     0 | D:1      | 0 ||| qw: Allow faded altars: false
     0 | D:1      | 0 ||| qw: Do Orc after D:15 true
     0 | D:1      | 0 ||| qw: Do second Lair branch before Depths: true
     0 | D:1      | 0 ||| qw: Lair rune preference: random
     0 | D:1      | 0 ||| qw: Plans: Normal
     0 | D:1      | 0 ||| PLANNING D:1-11
    95 | D:1      | Reached XP level 2. HP: 15/16 MP: 4/4
   141 | D:1      | Reached skill level 6 in Ranged Weapons
   634 | D:1      | Reached XP level 3. HP: 20/20 MP: 5/5
   798 | D:1      | 798 ||| UPGRADING to +0 ring mail.
   808 | D:1      | 808 ||| DROPPING +0 leather armour.
   809 | D:1      | 809 ||| READING scroll labelled DALEOS DIUTIKH.
   810 | D:1      | 810 ||| READING 2 scrolls labelled ZUNAETHREMYNK.
   813 | D:1      | 813 ||| DROPPING scroll of butterflies.
   982 | D:2      | Found a sparkling altar of Nemelex Xobeh.
   997 | D:2      | Reached skill level 7 in Ranged Weapons
  1350 | D:2      | 1350 ||| READING scroll labelled BUSEDWYD CESH.
  1351 | D:2      | 1351 ||| READING scroll labelled HUGU ZIHAPPO.
  1352 | D:2      | 1352 ||| READING 4 scrolls of identify.
  1352 | D:2      | 1352 ||| IDENTIFYING cyan potion
  1353 | D:2      | 1353 ||| READING 3 scrolls of identify.
  1353 | D:2      | 1353 ||| IDENTIFYING white potion
  1354 | D:2      | 1354 ||| READING 2 scrolls of identify.
  1354 | D:2      | 1354 ||| IDENTIFYING bubbling brown potion
  1355 | D:2      | 1355 ||| DROPPING potion of brilliance.
  1357 | D:2      | 1357 ||| Stepping ~*~*~tactically~*~*~ (cloud).
  1357 | D:2      | HP: 4/20 [poisoned by you (poison gas)]
  1358 | D:2      | 1358 ||| DRINKING potion of curing.
  1358 | D:2      | 1358 ||| (to cure poison)
  1499 | D:3      | Reached XP level 4. HP: 25/25 MP: 6/6
  1866 | D:3      | Reached skill level 8 in Ranged Weapons
  2248 | D:3      | 2248 ||| UPGRADING to +0 helmet.
  2253 | D:3      | 2253 ||| READING 2 scrolls labelled NIGUSH DASAI.
  2254 | D:3      | 2254 ||| READING scroll of enchant weapon.
  2254 | D:3      | 2254 ||| ENCHANTING +1 shortbow.
  2255 | D:3      | 2255 ||| READING scroll labelled VYPECS DUYVEA.
  2283 | D:4      | 2283 ||| STAIRDANCE
  2498 | D:4      | Reached XP level 5. HP: 29/29 MP: 7/7
  2952 | D:4      | Reached skill level 9 in Ranged Weapons
  3036 | D:4      | 3036 ||| READING scroll labelled LIQINLIHUI.
  3037 | D:4      | 3037 ||| DRINKING 2 coppery potions.
  3052 | D:5      | Entered Level 5 of the Dungeon
  3052 | D:5      | Noticed an ogre
  3058 | D:5      | 3058 ||| STAIRDANCE
  3058 | D:5      | Demolished by an ogre

Levels and vault maps discovered:
D:1:      amcnicky_arrival_double_pillar, layout_basic, minmay_lizard_pond
D:2:      layout_loops_ring, basic_altar
D:3:      layout_basic
D:4:      layout_loops_ring
D:5:      layout_rooms, temple_statues, gammafunk_ghost_mausoleum, serial_shops,
          nicolae_shop_mannequins, uniq_eustachio

Skill      XL: |  1  2  3  4  5 |
---------------+----------------+-----
Ranged Weapons | 6 7 8 9 |  9.1
Fighting       | |  1.8
Dodging        | |  2.4
Stealth        | |  1.2

Action                     |  1- 3 |  4- 6 || total
---------------------------+-------+-------++-------
   Fire: Shortbow          |   122 |   138 ||   260
    Use: Scroll            |     7 |     4 ||    11
         Potion            |     1 |     1 ||     2
 Armour: Leather armour    |    17 |       ||    17
         Ring mail         |     6 |    22 ||    28
  Dodge: Dodged            |    47 |    64 ||   111

Table legend:
 A = Non-vault XP
 B = Vault XP
 C = Vault XP percentage of total XP
 D = Non-vault monster count
 E = Vault monster count
 F = Vault count percentage of total count
                 A         B        C        D         E       F
            +---------+---------+-------+---------+---------+-------
      Total |     308 |       8 |   2.5 |      82 |       8 |   8.9
            +---------+---------+-------+---------+---------+-------
        D:1 |      33 |       8 |  19.5 |      22 |       8 |  26.7
        D:2 |      37 |       0 |   0.0 |      16 |       0 |   0.0
        D:3 |     103 |       0 |   0.0 |      20 |       0 |   0.0
        D:4 |     135 |       0 |   0.0 |      24 |       0 |   0.0
            +---------+---------+-------+---------+---------+-------
